 Dungeon Crawl Stone Soup version 0.24.0-37-gcf1ca852f1 (webtiles) character file.

Game seed: 6967196867548382280, levelgen mode: deterministic

64036 Mesmaeker13 the Grappler (level 14, -3/134 HPs)
             Began as a Troll Monk on Dec 5, 2019.
             Was the Champion of Hepliaklqana.
             Engulfed by a tengu conjurer's flame (16 damage)
             ... on level 12 of the Dungeon.
             The game lasted 00:51:28 (24939 turns).

Mesmaeker13 the Grappler (Troll Monk)              Turns: 24939, Time: 00:51:29

Health: -3/134     AC:  8    Str: 22    XL:     14   Next: 70%
Magic:  18/18      EV: 18    Int:  7    God:    Hepliaklqana [******]
Gold:   1188       SH:  0    Dex: 15    Spells: 13/13 levels left

rFire    . . .     SeeInvis .     - Unarmed
rCold    + + .     Gourm    +   (no shield)
rNeg     . . .     Faith    .   l - +1 robe {rC+ rF+}
rPois    .         Spirit   .   (helmet restricted)
rElec    .         Reflect  .   r - +0 cloak {+Inv}
rCorr    .         Harm     .   (gloves unavailable)
MR       ++...                  (boots unavailable)
Stlth    ++........             e - amulet of rage
HPRegen  0.72/turn              g - ring of protection from magic
MPRegen  0.16/turn              F - ring of ice

@: no status effects
A: large, unfitting armour, reduced essence, claws 3, fast metabolism 3,
gourmand, regeneration 1, shaggy fur 1, tough skin 3
a: Recall Ancestor, Ancestor Identity, Transference, Idealise, Renounce
Religion, Evoke Berserk Rage, Evoke Invisibility


You were on level 12 of the Dungeon.
You worshipped Hepliaklqana.
Hepliaklqana was exalted by your worship.
You were not hungry.

You visited 4 branches of the dungeon, and saw 21 of its levels.
You also visited: Bailey and Volcano.

You collected 2268 gold pieces.
You spent 1080 gold pieces at shops.

Inventory:

Hand Weapons
 C - a +0 war axe of flaming
Missiles
 c - 8 javelins (quivered)
 V - 8 silver boomerangs
 Z - 10 curare-tipped darts
Armour
 f - a scarf of repulsion
 h - +0 acid dragon scales
 l - a +1 robe of resistance (worn)
 n - a +2 shield
 r - a +0 cloak of invisibility (worn)
Jewellery
 e - an amulet of rage (around neck)
 g - a ring of protection from magic (left claw)
 i - an uncursed ring of see invisible
 E - an uncursed ring of poison resistance
 F - a ring of ice (right claw)
Wands
 k - a wand of acid (8)
 p - a wand of flame (8)
 q - a wand of digging (14)
 G - a wand of paralysis (5)
 I - a wand of clouds (11)
 O - a wand of scattershot (4)
 T - a wand of iceblast (8)
Scrolls
 d - 2 scrolls of fog
 o - 2 scrolls of teleportation
 A - a scroll of summoning
 H - 7 scrolls of remove curse
 M - a scroll of fear
 W - 3 scrolls of enchant armour {unknown}
Potions
 a - a potion of mutation {unknown}
 j - 5 potions of might
 m - a potion of invisibility
 s - 2 potions of agility
 t - 5 potions of curing
 v - a potion of magic
 z - a potion of ambrosia
 B - 3 potions of flight
 D - a potion of berserk rage {unknown}
 Q - a potion of haste
Miscellaneous
 K - a phial of floods
Comestibles
 b - 47 rations


   Skills:
 + Level 12.0 Fighting
 - Level 5.3 Throwing
 + Level 12.0 Dodging
 - Level 1.0 Stealth
 + Level 13.9 Unarmed Combat
 + Level 6.9 Evocations


You had 13 spell levels left.
You didn't know any spells.
Your spell library contained the following spells:

 Spells                   Type           Power        Failure   Level  Hunger
 Beastly Appendage        Tmut           #.....       43%         1    ##.....
 Corona                   Hex            #......      43%         1    ##.....
 Infusion                 Chrm           #...         43%         1    ##.....
 Ensorcelled Hibernation  Hex/Ice        #.....       56%         2    ###....
 Shroud of Golubria       Chrm/Tloc      #.....       56%         2    ###....
 Song of Slaying          Chrm           #.......     56%         2    ###....
 Sticks to Snakes         Tmut           #.......     56%         2    ###....
 Confuse                  Hex            #.......     80%         3    ####...
 Dazzling Spray           Conj/Hex       #.....       80%         3    ####...
 Regeneration             Chrm/Necr      #.........   80%         3    ####...
 Spectral Weapon          Hex/Chrm       #.......     80%         3    ####...
 Spider Form              Tmut/Pois      #.........   80%         3    ####...
 Tukima's Dance           Hex            #.......     80%         3    ####...
 Ice Form                 Ice/Tmut       #.......     99%         4    #####..
 Summon Lightning Spire   Summ/Air       #.......     99%         4    #####..
 Blade Hands              Tmut           #.........   100%        5    ######.
 Silence                  Hex/Air        #.........   100%        5    ######.
 Conjure Ball Lightning   Conj/Air       #.........   100%        6    #######
 Deflect Missiles         Chrm/Air       #.........   100%        6    #######
 Tornado                  Air            #.........   100%        9    #######


Dungeon Overview and Level Annotations

Branches:
Dungeon (12/15)            Temple (1/1) D:5            Lair (6/6) D:8
  Swamp (0/4) Lair:2       Spider (0/4) Lair:2        Slime (0/5) Lair:6
    Orc (2/2) D:9             Elf (0/3) Orc:2        Bailey (visited)
Volcano (visited)

Altars:
Ashenzari
Cheibriados
Dithmenos
Elyvilon
Fedhas
Gozag
Hepliaklqana
Kikubaaqudgha
Makhleb
Nemelex Xobeh
Okawaru
Qazlal
Ru
Sif Muna
Trog
Uskayaw
Vehumet
Wu Jian
Xom
Yredelemnul
Zin
The Shining One
Beogh

Shops:
D:8 %([*=   D:11 [   Orc:2 }[%%

Annotations:
Lair:1 exclusion: oklob plant
Lair:2 exclusion: oklob plant
Lair:4 1 runed translucent door, Kyusiynim's ghost, journeyman GnEn
Lair:6 exclusion: 5 oklob plants


Innate Abilities, Weirdness & Mutations

You are too large for most types of armour.
You have claws for hands.
Your metabolism is lightning-fast.
You like to eat raw meat.
Your natural rate of healing is unusually fast.
You are covered in fur. (AC +1)
You have extremely tough skin. (AC +3)
Your life essence is reduced to manifest your ancestor. (-10% HP)


Message History

* * * LOW HITPOINT WARNING * * *
The tengu conjurer gestures wildly while chanting.
The tengu conjurer conjures a globe of magical energy!
A battlesphere comes into view.
You barely miss the tengu conjurer.
The tengu conjurer is almost dead.
You are engulfed in blazing flames.
* * * LOW HITPOINT WARNING * * *
The bullfrog zombie completely misses you.
The tengu conjurer zaps a wand.
The tengu conjurer creates a blast of flame!
You closely miss the tengu conjurer.
The tengu conjurer is almost dead.
You are engulfed in blazing flames.
* * * LOW HITPOINT WARNING * * *
The bullfrog zombie misses you. The tengu conjurer closely misses you.
The tengu conjurer barely misses you. The tengu conjurer claws you.
* * * LOW HITPOINT WARNING * * *
You feel better.
You are engulfed in blazing flames.
You die...

.####........).......##. ..
#.........)........<....
...#.......####.....###.....
.#.......>.# ##......#......
.#####..#.##
##...........:..#
..#.##.####
#...............###
........#
#..##.............#
........#
##§###.............##
...÷..#.#
#§§§@Q*..............
)..#.####
#..§§##Z...............
.###...
#######................ ##
..#.# #................
.###..# #....###.........
... ##............... #.y
##.............. #.
#.....*J.......
#..#.)#........


You could see a tengu conjurer, a battlesphere and a bullfrog zombie.

Vanquished Creatures
  Jorgrun (D:12)
  A fire dragon (Lair:6)
  2 hydras
  A catoblepas (Lair:5)
  3 two-headed ogres
  A death yak (Lair:1)
  An orc high priest (Orc:2)
  Sonja (Lair:6)
  4 skeletal warriors (D:12)
  An unseen horror (D:11)
  Pikel (D:5)
  3 orc knights
  A lindwurm (Lair:5)
  4 orc sorcerers
  An ugly thing (D:11)
  5 elephants
  5 black mambas
  A rust devil (D:7)
  A torpor snail (Lair:6)
  3 molten gargoyles (Lair:6)
  3 spiny frogs
  A rime drake (Lair:1)
  4 komodo dragons
  4 trolls
  2 hornets (D:9)
  5 polar bears
  4 slime creatures
  Prince Ribbit (D:6)
  2 hippogriffs
  A blink frog (Lair:1)
  A tarantella (Lair:2)
  A water elemental (D:11)
  5 wyverns
  29 yaks
  3 basilisks (Lair:6)
  4 fire bats (Volcano)
  A hungry ghost (D:9)
  A steam dragon (Lair:6)
  An acid dragon (D:12)
  A warg (Orc:1)
  A soldier ant (D:9)
  8 water moccasins
  6 porcupines
  2 hell hounds (Lair:5)
  2 hornet zombies
  4 sky beasts
  18 orc warriors
  4 ice beasts
  2 phantoms
  3 ogres
  4 boggarts (Lair:6)
  9 wolves
  A necrophage (D:6)
  8 crocodiles
  4 centaurs
  A big kobold (D:8)
  Blork the orc (D:6)
  10 bullfrogs
  A gnoll sergeant (Orc:1)
  6 scorpions
  3 troll zombies (D:9)
  A killer bee (D:12)
  3 wights (D:7)
  A howler monkey (D:6)
  8 crimson imps
  9 lava snakes
  8 hounds
  2 quasits
  16 orc priests
  Crazy Yiuf (D:2)
  A gnoll shaman (Orc:1)
  7 jellies
  12 orc wizards
  2 bullfrog skeletons (D:11)
  3 centaur skeletons
  Natasha (thrice) (D:2)
  An iguana (D:12)
  4 hell rats (Lair:4)
  12 worker ants
  3 yak simulacra (Lair:3)
  Terence (D:2)
  2 polar bear simulacra (Lair:3)
  3 wolf simulacra (Lair:3)
  5 ogre zombies (D:9)
  2 human simulacra (D:10)
  A hound zombie (D:5)
  A worker ant zombie (D:10)
  9 gnolls
  12 adders
  3 river rats (Lair:4)
  A shadow imp (D:10)
  12 white imps (D:11)
  13 oozes
  2 adder zombies
  4 worms
  3 dart slugs
  9 leopard geckos
  46 orcs
  11 bats
  3 giant cockroaches
  13 goblins
  8 hobgoblins
  20 jackals
  5 quokkas
  A ball python (D:2)
  3 frilled lizards (D:4)
  2 goblin skeletons (D:9)
  3 goblin zombies (D:9)
  A hobgoblin skeleton (D:9)
  2 hobgoblin zombies (D:9)
  A jackal skeleton (D:4)
  21 kobolds
  2 orc skeletons (D:9)
  11 orc zombies (D:9)
  7 rats
553 creatures vanquished.

Vanquished Creatures (collateral kills)
  A dancing weapon (Orc:1)
  2 orc high priests (Orc:2)
  4 death yaks
  A skeletal warrior (D:12)
  A lindwurm (Lair:6)
  2 orc knights (Orc:1)
  A necromancer (Lair:3)
  A cyclops (D:11)
  An orc sorcerer (Orc:1)
  An elephant (Lair:4)
  A rust devil (D:8)
  3 spiny frogs
  2 komodo dragons
  A polar bear (Lair:3)
  A troll (D:11)
  3 blink frogs (Lair:1)
  4 hippogriffs
  2 wyverns
  21 yaks
  2 fire bats (Volcano)
  2 basilisks
  3 hell hounds (Lair:6)
  6 water moccasins
  3 porcupines
  11 orc warriors
  An ogre (D:9)
  2 centaurs
  4 wolves (Lair:5)
  A big kobold (D:12)
  5 crocodiles
  5 bullfrogs
  2 killer bees (D:12)
  A wight (D:7)
  A howler monkey (D:7)
  3 lava snakes
  A jelly (Lair:5)
  11 orc priests
  A hell rat (Lair:4)
  6 orc wizards
  A wolf simulacrum (Lair:3)
  An adder (D:11)
  A river rat (Lair:4)
  A shadow imp (D:6)
  4 oozes (Lair:5)
  11 orcs
  6 goblins
  A hobgoblin (Bailey)
  11 kobolds
  A hobgoblin skeleton (D:9)
  An orc skeleton (D:9)
  2 orc zombies (D:9)
  A rat (Lair:4)
  2 river rat simulacra (Lair:3)
  A butterfly (D:5)
169 creatures vanquished.

Vanquished Creatures (others)
  2 slaves (D:6)
  A howler monkey (D:6)
  13 battlemagi
  2 ancestors
  A giant cockroach (D:6)
  2 jackals (D:6)
  A bush (Lair:5)
  10 fungi (Lair:5)
  3 plants
35 creatures vanquished.

Grand Total: 757 creatures vanquished

Notes
Turn   | Place    | Note
-------+----------+-------------------------------------------
     0 | D:1      | Mesmaeker13 the Troll Monk began the quest for the Orb.
     0 | D:1      | Reached XP level 1. HP: 22/22 MP: 0/0
   137 | D:1      | Reached XP level 2. HP: 18/29 MP: 1/1
   965 | D:2      | Reached XP level 3. HP: 36/36 MP: 2/2
  1232 | D:2      | Noticed Terence
  1251 | D:2      | Killed Terence
  1251 | D:2      | Reached XP level 4. HP: 44/45 MP: 3/3
  1352 | D:2      | Noticed Natasha
  1354 | D:2      | Killed Natasha
  1354 | D:2      | Reached skill level 4 in Unarmed Combat
  1388 | D:2      | Noticed Natasha
  1396 | D:2      | Killed Natasha
  1396 | D:2      | Reached XP level 5. HP: 50/53 MP: 4/4
  1431 | D:2      | Noticed Natasha
  1440 | D:2      | Killed Natasha
  1765 | D:2      | Found a runed translucent door.
  1766 | D:2      | Noticed Crazy Yiuf
  1782 | D:2      | Killed Crazy Yiuf
  2192 | D:3      | Reached XP level 6. HP: 36/62 MP: 5/5
  3091 | D:4      | Reached skill level 5 in Unarmed Combat
  3501 | D:3      | Reached XP level 7. HP: 67/70 MP: 6/6
  3670 | D:5      | Entered Level 5 of the Dungeon
  3788 | D:5      | Found a staircase to the Ecumenical Temple.
  4149 | Temple   | Entered the Ecumenical Temple
  4202 | Temple   | Became a worshipper of Hepliaklqana the Forgotten
  4202 | Temple   | Reached * piety under Hepliaklqana
  4202 | Temple   | Reached ** piety under Hepliaklqana
  5283 | D:5      | Reached skill level 6 in Unarmed Combat
  5298 | D:6      | Found a shadowy altar of Dithmenos.
  5298 | D:6      | Found a stormy altar of Qazlal.
  5298 | D:6      | Found an ancient bone altar of Kikubaaqudgha.
  5298 | D:6      | Noticed Blork the orc
  5304 | D:6      | Killed Blork the orc
  5304 | D:6      | Reached skill level 5 in Fighting
  5304 | D:6      | Reached skill level 5 in Dodging
  5312 | D:6      | Reached XP level 8. HP: 69/72 MP: 7/7
  5502 | D:6      | Noticed Prince Ribbit
  5530 | D:6      | Noticed Pikel
  5551 | D:5      | Killed Pikel
  5551 | D:5      | Reached skill level 7 in Unarmed Combat
  5825 | D:6      | Killed Prince Ribbit
  5825 | D:6      | Reached XP level 9. HP: 40/80 MP: 8/8
  6100 | D:6      | Found Zin's Purification Station.
  6105 | D:6      | Found a glowing silver altar of Zin.
  6108 | D:6      | Bought a potion of curing for 90 gold pieces
  6119 | D:6      | Found a hide-covered altar of Uskayaw.
  6472 | D:7      | Found a sacrificial altar of Ru.
  6614 | D:7      | Reached skill level 8 in Unarmed Combat
  6794 | D:7      | Got a pair of bloodstained boots
  6804 | D:7      | Identified the +1 pair of boots of Henotheism {MR- Str+2
                  | SInv} (You found it on level 7 of the Dungeon)
  7159 | D:8      | Found Zithaseu's Food Shop.
  7217 | D:8      | Found an iron altar of Okawaru.
  7226 | D:8      | Remembered your ancestor Thabo as a battlemage
  7290 | D:8      | Found a staircase to the Lair.
  7304 | D:8      | Reached XP level 10. HP: 90/90 MP: 9/9
  7386 | D:8      | Reached *** piety under Hepliaklqana
  7395 | D:8      | Reached skill level 9 in Unarmed Combat
  7502 | D:8      | Found Katoqor's Jewellery Boutique.
  7543 | D:7      | Noticed a rust devil
  7543 | D:7      | Noticed a rust devil
  7566 | D:8      | Found Muf Tia's Antique Weapon Shop.
  7624 | D:8      | Found Ducatext's Antique Armour Emporium.
  7634 | D:8      | Found Gacauf's Assorted Antiques.
  8090 | D:9      | Noticed a two-headed ogre
  8101 | D:9      | Killed a two-headed ogre
  8371 | D:9      | Found a staircase to the Orcish Mines.
  8670 | D:9      | Noticed a two-headed ogre
  8693 | D:9      | Killed a two-headed ogre
  8693 | D:9      | Reached skill level 1 in Throwing
  9026 | D:9      | Found a shattered altar of Ashenzari.
  9026 | D:9      | Found a white marble altar of Elyvilon.
  9027 | D:9      | Found a radiant altar of Vehumet.
  9421 | D:9      | Paralysed by a hornet for 1 turns
  9664 | D:8      | Bought an uncursed ring of poison resistance for 320 gold
                  | pieces
  9737 | D:9      | Paralysed by a hornet for 1 turns
  9739 | D:9      | Reached skill level 10 in Unarmed Combat
 10061 | D:10     | Entered Level 10 of the Dungeon
 10202 | D:10     | Found a flagged portal.
 10220 | Bailey   | Entered a bailey
 10399 | Bailey   | Reached XP level 11. HP: 84/100 MP: 10/10
 11195 | Lair:1   | Entered Level 1 of the Lair of Beasts
 11195 | Lair:1   | Reached **** piety under Hepliaklqana
 11414 | Lair:1   | Noticed an oklob plant
 12146 | Lair:2   | Noticed a seven-headed hydra
 12151 | Lair:2   | Killed a six-headed hydra
 12215 | Lair:2   | Noticed a death yak
 12215 | Lair:2   | Noticed a death yak
 12215 | Lair:2   | Noticed a death yak
 12238 | Lair:2   | Noticed a death yak
 12243 | Lair:1   | Killed a death yak
 12523 | Lair:2   | Reached skill level 5 in Throwing
 12524 | Lair:2   | Noticed a death yak
 12544 | Lair:1   | Killed a death yak
 12544 | Lair:1   | Reached skill level 11 in Unarmed Combat
 12974 | Lair:2   | Reached XP level 12. HP: 110/110 MP: 11/11
 13027 | Lair:1   | Killed a death yak
 13158 | Lair:1   | Killed a death yak
 13158 | Lair:1   | Reached skill level 1 in Evocations
 13298 | Lair:2   | Killed a death yak
 13433 | Lair:2   | Found a hole to the Spider Nest.
 13626 | Lair:2   | Found a staircase to the Swamp.
 14376 | Lair:3   | Reached ***** piety under Hepliaklqana
 14477 | Lair:3   | Reached skill level 10 in Dodging
 14477 | Lair:3   | Reached skill level 10 in Fighting
 15091 | Lair:4   | You fall into a shaft and drop 2 floors!
 15091 | Lair:6   | Entered Level 6 of the Lair of Beasts
 15095 | Lair:6   | Found a staircase to the Slime Pits.
 15280 | Lair:5   | Reached skill level 12 in Unarmed Combat
 15338 | Lair:5   | Found a dark tunnel.
 15353 | Volcano  | Entered a volcano
 15710 | Lair:5   | Noticed a catoblepas
 15769 | Lair:5   | Killed a catoblepas
 15813 | Lair:5   | Reached XP level 13. HP: 120/120 MP: 14/14
 16271 | Lair:4   | Found a runed translucent door.
 16272 | Lair:4   | Found a shimmering altar of Xom.
 16272 | Lair:4   | Noticed Kyusiynim's ghost (journeyman GnEn)
 16709 | Lair:4   | Identified the +3 demon whip "Meled" {chaos, rF- Str+6}
 17588 | Lair:6   | Noticed Sonja
 17607 | Lair:6   | Killed Sonja
 17877 | Lair:6   | Reached ****** piety under Hepliaklqana
 18118 | Lair:6   | Reached skill level 5 in Evocations
 19085 | Lair:6   | Found a large runed translucent door.
 19086 | Lair:6   | Found a large runed translucent door.
 19093 | Lair:6   | Reached skill level 13 in Unarmed Combat
 19125 | Lair:6   | Noticed a fire dragon
 19138 | Lair:6   | Killed a fire dragon
 19695 | D:8      | Bought a scroll labeled IHOTAU SODA for 30 gold pieces
 19792 | Orc:1    | Entered Level 1 of the Orcish Mines
 19876 | D:8      | Bought an uncursed amulet of rage for 640 gold pieces
 20693 | Orc:2    | Entered Level 2 of the Orcish Mines
 20989 | Orc:1    | Reached XP level 14. HP: 60/130 MP: 17/17
 21140 | Orc:2    | Found a roughly hewn altar of Beogh.
 21316 | Orc:2    | Found a staircase to the Elven Halls.
 21884 | Orc:2    | HP: 5/130 [orc high priest/divine providence (14)]
 22948 | Orc:2    | Found Baekebluh's Food Shoppe.
 22948 | Orc:2    | Found Afupif's Gadget Shoppe.
 22951 | Orc:2    | Found Igutokhlo's Antique Armour Boutique.
 22965 | Orc:2    | Found Posuren's Food Boutique.
 23704 | D:11     | Found a frozen archway.
 24060 | D:11     | Found Sesown Quco's Antique Armour Emporium.
 24233 | D:12     | Noticed Jorgrun
 24254 | D:12     | Killed Jorgrun
 24939 | D:12     | Engulfed by a tengu conjurer's flame

Levels and vault maps discovered:
D:1:      lemuel_arrival_tunnels, layout_basic, chequers_big_river
D:2:      layout_loops_ring, uniq_terence, uniq_natasha, uniq_crazy_yiuf_cottage
D:3:      layout_rooms, minmay_misc_feat_room
D:4:      layout_basic, first_ration, minmay_tree_intersection,
          chequers_serial_rivers_room_a
D:5:      layout_layer_cave, minmay_temple_entry_butterflies
D:6:      layout_cave_pools, zin_purify, eat_drink_and_be_merry_uskayaw,
          grunt_temple_overflow_open, uniq_blork_the_orc, uniq_pikel,
          uniq_prince_ribbit1
D:7:      cheibrodos_iron_armory, layout_loops_ring, nicolae_ru_awakened_eye,
          item_on_display_a
D:8:      layout_loops_corners, overflow_temple_1_default, lair_entry_dummy,
          serial_shops, shop, nicolae_shop_trees, shop, shop,
          nicolae_shop_crystal
D:9:      layout_irregular_city, chequers_temple_overflow_statue_of_worship,
          zombieorc2_lemuel, hangedman_pestilent_swarm
D:10:     layout_roguey, enter_bailey_3, minivault_23, bh_circular_ruins
D:11:     layout_gridville, serial_shops, shop, portal_ice_cave_entry_imps,
          kennysheep_opposing_triangles
D:12:     layout_cave_pools, nzn_random_ring, uniq_jorgrun
Temple:   minmay_temple_bridge_abc
Lair:1:   layout_cave_pods, minmay_lair_oklob_chamber,
          infiniplex_staircase_pool_2, lemuel_fruit_tree
Lair:2:   layout_hall_layers, swamp_mist, spider_nest_entry_rubble,
          beast_lair_carwin_3, lemuel_fruit_fields
Lair:3:   layout_regular_city, eino_house_with_fridge
Lair:4:   layout_regular_city, ebering_ghost_xom, grunt_forest_stairs_basic,
          small_statue_intersection, kennysheep_abandoned_house
Lair:5:   lemuel_slime, layout_concentric_octagons,
          nicolae_volcano_entry_vermiform, grunt_megastairs_4
Lair:6:   cheibrodos_lair_end_hotspot, layout_regular_city,
          minmay_slime_entry_oklob_open, kilobyte_rumbling_trees, uniq_sonja
Orc:1:    layout_caves, sword_in_stone
Orc:2:    st_orc_elflike, layout_caves, basic_altar

Skill      XL: |  1  2  3  4  5  6  7  8  9 10 11 12 13 14 |
---------------+-------------------------------------------+-----
Fighting       | 3 4 5 6 7 8 9 10 11 12 | 12.0
Dodging        | 3 4 5 6 7 8 9 10 11 12 | 12.0
Unarmed Combat | 4 5 6 7 8 10 11 12 13 | 13.9
Throwing       | 2 5 |  5.3
Evocations     | 3 5 6 |  6.9
Stealth        | |  1.0

Action                   |  1- 3 |  4- 6 |  7- 9 | 10-12 | 13-15 || total
-------------------------+-------+-------+-------+-------+-------++-------
Melee: Unarmed           |   118 |   187 |   255 |   511 |   728 ||  1799
       Punch             |     1 |     4 |     8 |    27 |    52 ||    92
       War axe           |       |       |       |     1 |     1 ||     2
Throw: Javelin           |       |     7 |       |    13 |     9 ||    29
       Dart              |       |       |     7 |     1 |       ||     8
       Boomerang         |       |       |       |    12 |     1 ||    13
Invok: Ancestor Life: Ba |       |       |     1 |       |       ||     1
       Recall Ancestor   |       |       |       |     6 |     1 ||     7
 Abil: Evoke Berserk Rag |       |       |       |       |     3 ||     3
Evoke: Wand              |       |       |     1 |     6 |    10 ||    17
       Phial of floods   |       |       |       |       |     1 ||     1
       Phantom mirror    |       |       |       |       |     1 ||     1
  Use: Scroll            |       |     8 |     5 |    17 |     7 ||    37
       Potion            |       |       |       |     2 |     3 ||     5
 Stab: Sleeping          |     2 |     2 |     1 |     8 |     2 ||    15
       Distracted        |       |     1 |     1 |    11 |     6 ||    19
       Invisible         |       |       |       |     3 |       ||     3
       Paralysed         |       |       |       |     2 |     3 ||     5
  Eat: Chunk             |    17 |    21 |    35 |    77 |    80 ||   230
Armor: Robe              |    65 |    64 |    59 |   100 |   126 ||   414
Dodge: Dodged            |    79 |    96 |   130 |   375 |   556 ||  1236
       Deflected         |       |     3 |       |       |       ||     3
